[Event "*** SCC Grand Prix: Titled Tuesday Blitz"]
[Site "Chess.com"]
[Date "2020.06.02"]
[Round "7"]
[White "Supernotar"]
[Black "Fandorine"]
[Result "0-1"]
[WhiteElo "2706"]
[BlackElo "2898"]
[TimeControl "180+1"]
[EndTime "11:23:14 PDT"]
[Termination "Fandorine won by checkmate"]

1. d4 Nf6 2. c4 g6 3. Nc3 d5 4. cxd5 Nxd5 5. e4 Nxc3 6. bxc3 Bg7 7. Nf3 c5 8. Be3 Bg4 9. Qd2 cxd4 10. cxd4 Nc6 11. Rd1 O-O 12. Be2 Rc8 13. O-O Qa5 14. h3 Bxf3 15. Bxf3 Qxd2 16. Rxd2 Na5 17. Bg5 Rfe8 18.
d5 b6 19. Be2 Nc4 20. Rc2 Nd6 21. Rxc8 Nxc8 22. Bb5 Rd8 23. Rc1 h6 24. Bh4 Be5 25.
Ba6 g5 26. Bxg5 hxg5 27. Rxc8 Rxc8 28. Bxc8 Kg7 29. Kf1 Kf6 30. Ke2 Bd6 31. Kd3 Bc5 32.
f3 Ke5 33. a4 Kf4 34. Ke2 f6 35. Bd7 Bd6 36. Bb5 Bc5 37. Bc6 Bg1 38. Bb5 Ke5 39. Kd3 Bc5 40. Bc6 Kf4 41. Ke2 Kg3 42. Kf1 a6 43.
Bd7 Bd4 44. Bc6 Bc3 45. Bd7 Kf4 46. Ke2 Ke5 47. Kd3 Be1 48. Be8 Kd6 49. Kc4 Ke5 50.
Kd3 Bb4 51. Bc6 Kf4 52. Ke2 Bc5 53. Bd7 Kg3 54. Kf1 b5 55. axb5 a5 56. b6 Bxb6 57.
Ba4 Kf4 58. Ke2 Ke5 59. Kd3 Bf2 60. Bb5 Be1 61. Ba4 Bb4 62. Bb5 Kd6 63. Kc4 Be1 64. Ba4 Ke5 65. Kd3 Bb4 66. Bb5 Bc5 67. Ba4 Bf2 68. Bb5 f5 69. exf5 Kxf5 70. Bc6 Kf4 71.
Ke2 Bc5 72. Bb5 Kg3 73. Kf1 Bd6 74. Bc6 Bb4 75. Bb5 Bc3 76. Bc6 Kf4 77. Ke2 Bb4 78. Bb5 Ke5 79. Bc6 Kd4 80. g3 Bd6 81. Kf2 Kc5 82.
h4 gxh4 83. gxh4 Kb4 84. Ke3 a4 85. Bxa4 Kxa4 86. Ke4 Kb5 87. h5 Kc4 88. h6 Bc5 89. f4 Bd4 90. h7 Bh8 91. Kf5 Kxd5 92. Kg6 Ke6 93. f5+ Ke5 94. Kf7 Bf6 95. Kg6 Kf4 96. h8=Q Bxh8 97. Kf7 Bf6 98. Ke6 Ke4 99. Kf7 Kxf5 100.
Ke8 e5 101. Kd7 e4 102. Kc6 e3 103. Kd5 e2 104. Kc4 e1=Q 105. Kd5 Qe4+ 106. Kd6 Be7+ 107. Kd7 Qe6+ 108. Ke8 Bf6+ 109. Kf8 Qe7+ 110. Kg8 Qg7# 0-1

[Event "*** SCC Grand Prix: Titled Tuesday Blitz"]
[Site "Chess.com"]
[Date "2020.06.02"]
[Round "8"]
[White "VALPARAISO37"]
[Black "Escanor89"]
[Result "1-0"]
[WhiteElo "2368"]
[BlackElo "2532"]
[TimeControl "180+1"]
[EndTime "11:31:26 PDT"]
[Termination "VALPARAISO37 won by resignation"]

1. d4 Nf6 2. c4 g6 3. Nc3 Bg7 4. e4 d6 5. f3 e5 6. d5 Nh5 7.
Be3 O-O 8. Qd2 f5 9. O-O-O a5 10.
exf5 Bxf5 11. g4 1-0

[Event "*** SCC Grand Prix: Titled Tuesday Blitz"]
[Site "Chess.com"]
[Date "2020.06.02"]
[Round "8"]
[White "valeriocarnicelli"]
[Black "Terao90"]
[Result "1-0"]
[WhiteElo "2610"]
[BlackElo "2319"]
[TimeControl "180+1"]
[EndTime "11:31:41 PDT"]
[Termination "valeriocarnicelli won by resignation"]

1. e4 c5 2. Nf3 Nc6 3. d4 cxd4 4. Nxd4 g6 5. Nc3 Bg7 6. Be3 Nf6 7. Nxc6 bxc6 8. e5 Ng8 9. f4 f6 10. Bd4 Qc7 11.
Qe2 fxe5 12. Bxe5 Bxe5 13. Qxe5 Qxe5+ 14. fxe5 Nh6 15. O-O-O Ng4 16. Re1 O-O 17. h3 Nh6 18.
Bc4+ Kg7 19. g4 d5 20. exd6 exd6 21. Re7+ Nf7 22. Rf1 d5 23. Nxd5 cxd5 24. Bxd5 1-0

[Event "*** SCC Grand Prix: Titled Tuesday Blitz"]
[Site "Chess.com"]
[Date "2020.06.02"]
[Round "8"]
[White "chess94cu"]
[Black "Spartakus1975"]
[Result "0-1"]
[WhiteElo "2463"]
[BlackElo "2687"]
[TimeControl "180+1"]
[EndTime "11:32:18 PDT"]
[Termination "Spartakus1975 won by resignation"]

1. d4 d5 2. c4 c6 3. Nf3 Nf6 4. e3 Bf5 5. Nc3 e6 6. Nh4 Be4 7. f3 Bg6 8. a3 Nbd7 9. Bd2 Bd6 10.
Qb3 dxc4 11. Bxc4 b5 12. Be2 a6 13. e4 Nxe4 14. Nxg6 Nxd2 15. Kxd2 hxg6 16. Ne4 Be7 17.
Rac1 c5 18. d5 c4 19. Qc2 exd5 0-1

[Event "*** SCC Grand Prix: Titled Tuesday Blitz"]
[Site "Chess.com"]
[Date "2020.06.02"]
[Round "8"]
[White "Man-Chuk"]
[Black "mishanick"]
[Result "1-0"]
[WhiteElo "2785"]
[BlackElo "2935"]
[TimeControl "180+1"]
[EndTime "11:32:31 PDT"]
[Termination "Man-Chuk won by resignation"]

1. c4 e5 2. Nc3 Nf6 3. Nf3 Nc6 4. e3 Bb4 5. Nd5 O-O 6. Nxb4 Nxb4 7. Nxe5 Re8 8. Nd3 Nc6 9. Be2 d5 10. cxd5 Qxd5 11.
O-O Qd6 12. Nf4 g5 13. Nh5 Nd5 14. b3 Bf5 15. Bb2 Bg6 16. Bc4 Nce7 17. Qg4 h6 18. Qd4 f6 19. Nxf6+ 1-0

[Event "*** SCC Grand Prix: Titled Tuesday Blitz"]
[Site "Chess.com"]
[Date "2020.06.02"]
[Round "8"]
[White "suyu28"]
[Black "baki83"]
[Result "1-0"]
[WhiteElo "2592"]
[BlackElo "2806"]
[TimeControl "180+1"]
[EndTime "11:32:34 PDT"]
[Termination "suyu28 won by resignation"]

1. d4 c6 2. c4 Nf6 3. Nf3 d5 4. e3 e6 5. b3 Nbd7 6. Bd3 Bb4+ 7. Nbd2 Bc3 8. Rb1 O-O 9. Qc2 Ba5 10. O-O Bc7 11. Bb2 Re8 12. Rbd1 Nf8 13. e4 Nh5 14. g3 dxe4 15. Nxe4 f5 16. Nc3 b6 17. d5 Bb7 18. dxe6 Nxe6 19. Bxf5 Qe7 20. Bxh7+ Kh8 21. Bg6 Nef4 22. Rfe1 Nh3+ 23. Kf1 1-0

[Event "*** SCC Grand Prix: Titled Tuesday Blitz"]
[Site "Chess.com"]
[Date "2020.06.02"]
[Round "8"]
[White "AcostaPablo"]
[Black "zmeeed67"]
[Result "1-0"]
[WhiteElo "2605"]
[BlackElo "2448"]
[TimeControl "180+1"]
[EndTime "11:32:39 PDT"]
[Termination "AcostaPablo won by resignation"]

1. d4 d5 2. c4 e6 3. e3 Nf6 4. Nf3 c6 5. Be2 Nbd7 6. O-O dxc4 7. Bxc4 b5 8. Bb3 Bb7 9. Nc3 a6 10. e4 c5 11. d5 c4 12. dxe6 fxe6 13. Bc2 Qc7 14.
e5 Ng4 15. Ng5 Qxe5 16. Qxg4 1-0

[Event "*** SCC Grand Prix: Titled Tuesday Blitz"]
[Site "Chess.com"]
[Date "2020.06.02"]
[Round "8"]
[White "OrtizMarcos"]
[Black "latixxa"]
[Result "1-0"]
[WhiteElo "2333"]
[BlackElo "2156"]
[TimeControl "180+1"]
[EndTime "11:32:42 PDT"]
[Termination "OrtizMarcos won by resignation"]

1. e4 c5 2. Nf3 d6 3. d4 cxd4 4. Nxd4 Nf6 5. Nc3 g6 6. Be3 Bg7 7. f3 Nc6 8. Qd2 O-O 9. Bc4 Bd7 10. h4 Qa5 11. O-O-O Rfc8 12. Bb3 Ne5 13. Kb1 Nc4 14. Bxc4 Rxc4 15. Nb3 Qd8 16. h5 a5 17. hxg6 fxg6 18.
Bh6 a4 19. Bxg7 Kxg7 20. Qh6+ Kg8 21. Nd5 axb3 22. Nxf6+ exf6 23. Qxh7+ Kf8 24. cxb3 Rc6 25. Qxg6 1-0

[Event "*** SCC Grand Prix: Titled Tuesday Blitz"]
[Site "Chess.com"]
[Date "2020.06.02"]
[Round "8"]
[White "Sharpchess22"]
[Black "korbul"]
[Result "1-0"]
[WhiteElo "2735"]
[BlackElo "2483"]
[TimeControl "180+1"]
[EndTime "11:32:51 PDT"]
[Termination "Sharpchess22 won by resignation"]

1. d4 Nf6 2. c4 e6 3. Nc3 Bb4 4. e3 b6 5. Bd3 Bb7 6. Ne2 Bxg2 7. Rg1 Bf3 8. Rxg7 Bxc3+ 9. bxc3 Ng4 10. h3 h5 11. hxg4 hxg4 12. Rh7 Rxh7 13. Bxh7 f5 14. e4 fxe4 15. Bg6+ Kf8 16. Bh6+ Kg8 17. Qd2 Nc6 18.
Qf4 Qe7 19. Bxe4 Bxe4 20. Qxe4 Qf6 21. Qxg4+ Kf7 22. Qh5+ Kg8 23. O-O-O 1-0

[Event "*** SCC Grand Prix: Titled Tuesday Blitz"]
[Site "Chess.com"]
[Date "2020.06.02"]
[Round "8"]
[White "Lion-Al-Messi"]
[Black "talman67"]
[Result "0-1"]
[WhiteElo "2351"]
[BlackElo "2547"]
[TimeControl "180+1"]
[EndTime "11:33:05 PDT"]
[Termination "talman67 won by resignation"]

1. e4 e5 2. Nf3 Nc6 3. Bb5 a6 4. Ba4 Nf6 5. O-O Nxe4 6. d4 b5 7. Bb3 d5 8. dxe5 Be6 9. Nbd2 Nc5 10. c3 d4 11. Bxe6 Nxe6 12. cxd4 Ncxd4 13. Ne4 Qd5 14. Nxd4 Qxd4 15. Qxd4 Nxd4 16. Be3 Ne6 17. Rac1 Be7 18.
f4 g6 19. g4 O-O-O 20. f5 gxf5 21. gxf5 Rhg8+ 22. Kh1 Ng5 23. f6 Nxe4 24. fxe7 Rd7 25.
Rxf7 Re8 26. Rxh7 Rdxe7 27. Rxe7 Rxe7 28. Bf4 Rg7 29. h4 Rg4 30. Bh2 0-1

[Event "*** SCC Grand Prix: Titled Tuesday Blitz"]
[Site "Chess.com"]
[Date "2020.06.02"]
[Round "8"]
[White "XDPS"]
[Black "dbrankovic68"]
[Result "1-0"]
[WhiteElo "2670"]
[BlackElo "2441"]
[TimeControl "180+1"]
[EndTime "11:33:14 PDT"]
[Termination "XDPS won by checkmate"]

1. e4 c5 2. Nf3 g6 3. d4 cxd4 4. Qxd4 Nf6 5. Nc3 Nc6 6. Qa4 d6 7. e5 dxe5 8. Nxe5 Qd4 9. Nxc6 Qxa4 10. Nxa4 bxc6 11. Bd2 Bf5 12. O-O-O Nd7 13. Be2 Kd8 14. Bc3 f6 15. g4 Be4 16. Rxd7+ Kxd7 17. Nc5+ Kc7 18.
Nxe4 Bg7 19. Rd1 a5 20. Nc5 Bh6+ 21. Kb1 e5 22. Rd7+ Kb6 23. Na4# 1-0

[Event "*** SCC Grand Prix: Titled Tuesday Blitz"]
[Site "Chess.com"]
[Date "2020.06.02"]
[Round "8"]
[White "tamarozi99"]
[Black "hongnhung1234"]
[Result "1-0"]
[WhiteElo "2045"]
[BlackElo "2199"]
[TimeControl "180+1"]
[EndTime "11:33:19 PDT"]
[Termination "tamarozi99 won by checkmate"]

1. e4 c5 2. Nf3 e6 3. d4 cxd4 4. Nxd4 Nc6 5. Nc3 Qc7 6. Be2 a6 7. Be3 Nf6 8. O-O Be7 9. a4 b6 10. f4 d6 11. Bf3 Bb7 12. Qe1 O-O 13. g4 Rfd8 14. g5 Nd7 15. Qh4 Nf8 16. Bg2 Nxd4 17. Bxd4 d5 18. f5 dxe4 19. Bxg7 Bc5+ 20. Kh1 Kxg7 21.
f6+ Kh8 22. Qh6 Ng6 23. Qg7# 1-0

[Event "*** SCC Grand Prix: Titled Tuesday Blitz"]
[Site "Chess.com"]
[Date "2020.06.02"]
[Round "8"]
[White "freshfoodcompany"]
[Black "GAusal"]
[Result "1-0"]
[WhiteElo "2213"]
[BlackElo "1995"]
[TimeControl "180+1"]
[EndTime "11:33:19 PDT"]
[Termination "freshfoodcompany won by checkmate"]

1. d4 d5 2. c4 c6 3. Nc3 Nf6 4. Nf3 e6 5. Bg5 Nbd7 6. e3 Qa5 7. cxd5 exd5 8. Bd3 Bb4 9. Rc1 Qxa2 10. Qd2 Ne4 11.
Bxe4 dxe4 12. Nxa2 Bxd2+ 13. Nxd2 f6 14. Bf4 Nb6 15. Nxe4 Nd5 16. Nd6+ Ke7 17. Nxc8+ Raxc8 18. Bg3 h5 19. h3 h4 20. Bh2 g5 21. O-O a5 22. e4 Nf4 23. Bxf4 gxf4 24. f3 Rhg8 25.
Nc3 Rg5 26. Kh2 Rcg8 27. Rf2 Kd6 28. d5 c5 29. Nb5+ Ke5 30. Rxc5 b6 31. Rc6 Rb8 32. Re6# 1-0

[Event "*** SCC Grand Prix: Titled Tuesday Blitz"]
[Site "Chess.com"]
[Date "2020.06.02"]
[Round "8"]
[White "saikrishnaReturns"]
[Black "AlexanderL"]
[Result "0-1"]
[WhiteElo "2640"]
[BlackElo "2815"]
[TimeControl "180+1"]
[EndTime "11:33:20 PDT"]
[Termination "AlexanderL won by checkmate"]

1. e4 e6 2. d3 b6 3. Nd2 Bb7 4.
Ngf3 d5 5. g3 dxe4 6. dxe4 Nf6 7.
Bd3 Nbd7 8. O-O Nc5 9. Qe2 Nxd3 10. cxd3 Be7 11. Nc4 O-O 12. Bg5 Nd7 13. Bxe7 Qxe7 14. Rac1 Rfd8 15. Rc3 c5 16. Nce5 Nb8 17. Rfc1 f6 18.
Ng4 Nc6 19. h4 Rd7 20. h5 Rad8 21. h6 f5 22. exf5 exf5 23. Qxe7 Rxe7 24. Ne3 g6 25.
Rd1 Nd4 26. Ne1 Ne2+ 27. Kh2 Nxc3 28. bxc3 Kf7 29. N1c2 Bf3 30. Rd2 Kf6 31. Na3 g5 32.
Nac4 f4 33. Nc2 Kf5 34. d4 Re6 35. dxc5 Rxh6+ 36. Kg1 Rh1# 0-1

[Event "*** SCC Grand Prix: Titled Tuesday Blitz"]
[Site "Chess.com"]
[Date "2020.06.02"]
[Round "8"]
[White "Haykoooo0o"]
[Black "JulAnt"]
[Result "1-0"]
[WhiteElo "2567"]
[BlackElo "2416"]
[TimeControl "180+1"]
[EndTime "11:33:22 PDT"]
[Termination "Haykoooo0o won by checkmate"]

1. e4 c5 2. Nc3 e6 3. f4 d5 4. Bb5+ Bd7 5. Bxd7+ Qxd7 6. d3 Be7 7. Nf3 Nc6 8. O-O d4 9. Ne2 Nf6 10. Ng3 O-O 11.
f5 exf5 12. Nxf5 Rae8 13. Bg5 Bd8 14. Qe1 Qe6 15. Qg3 Ne7 16. Nxg7 Kxg7 17. Bxf6+ Kxf6 18. Qg5# 1-0

[Event "*** SCC Grand Prix: Titled Tuesday Blitz"]
[Site "Chess.com"]
[Date "2020.06.02"]
[Round "8"]
[White "Gordima"]
[Black "Bigfish1995"]
[Result "0-1"]
[WhiteElo "2772"]
[BlackElo "2997"]
[TimeControl "180+1"]
[EndTime "11:33:35 PDT"]
[Termination "Bigfish1995 won by resignation"]

1. d4 d5 2. c4 e6 3. Nc3 h6 4.
cxd5 exd5 5. Bf4 Nf6 6. e3 Bd6 7. Bxd6 Qxd6 8. Nf3 O-O 9. Bd3 Bg4 10. Qc2 a6 11.
Ne5 c5 12. Nxg4 Nxg4 13. dxc5 Qxc5 14. Rd1 Rd8 15. Be2 Nf6 16. O-O Nc6 17. Qf5 Qb4 18. Nxd5 Rxd5 19. Rxd5 Ne7 0-1

[Event "*** SCC Grand Prix: Titled Tuesday Blitz"]
[Site "Chess.com"]
[Date "2020.06.02"]
[Round "8"]
[White "The_Machine04"]
[Black "Roza_Idrisova"]
[Result "1-0"]
[WhiteElo "2289"]
[BlackElo "2169"]
[TimeControl "180+1"]
[EndTime "11:33:44 PDT"]
[Termination "The_Machine04 won by resignation"]

1. d4 d5 2. Bf4 c6 3. e3 Bf5 4. c4 e6 5. Qb3 Qb6 6. c5 Qxb3 7.
axb3 Nd7 8. Nc3 a6 9. h3 h6 10. Nf3 Ngf6 11. Ne5 Be7 12. Be2 Nxe5 13. Bxe5 O-O 14.
b4 Nd7 15. Bh2 Bf6 16. g4 Bg6 17. f4 Bh4+ 18. Kd2 f6 19. Bd3 Bxd3 20. Kxd3 Rfe8 21. Rhg1 Kf7 22. Bg3 Bxg3 23. Rxg3 e5 24. fxe5 fxe5 25. Rf1+ Kg8 26. Kd2 Rf8 27. Rgf3 Rae8 28. Ne2 Rxf3 29. Rxf3 Nf6 30. Ng3 exd4 31. exd4 Ne4+ 32. Nxe4 Rxe4 33. Kd3 Re1 34. Re3 Rb1 35. Re7 Rxb2 36. Rxb7 a5 37. b5 cxb5 38. c6 b4 39. c7 Rb3+ 40. Kd2 Rc3 41.
Rb8+ 1-0

[Event "*** SCC Grand Prix: Titled Tuesday Blitz"]
[Site "Chess.com"]
[Date "2020.06.02"]
[Round "8"]
[White "Djager97"]
[Black "andy_rekt"]
[Result "1-0"]
[WhiteElo "2377"]
[BlackElo "2054"]
[TimeControl "180+1"]
[EndTime "11:33:47 PDT"]
[Termination "Djager97 won by resignation"]

1. e4 c5 2. Nf3 Nc6 3. d4 cxd4 4. Nxd4 Nf6 5. Nc3 d6 6. Bg5 e6 7. Qd2 a6 8. O-O-O Bd7 9. f4 b5 10. Nxc6 Bxc6 11. Bd3 Qb6 12. Bxf6 gxf6 13. Rhe1 Be7 14. f5 b4 15. Ne2 e5 16. Kb1 d5 17. exd5 Bxd5 18. Ng3 O-O-O 19. Qe2 Kb7 20. Be4 Bxe4 21. Nxe4 Rd4 22. Rxd4 Qxd4 23. Rd1 1-0

[Event "*** SCC Grand Prix: Titled Tuesday Blitz"]
[Site "Chess.com"]
[Date "2020.06.02"]
[Round "8"]
[White "KejJaj"]
[Black "Giraffe_Chess"]
[Result "0-1"]
[WhiteElo "2078"]
[BlackElo "2384"]
[TimeControl "180+1"]
[EndTime "11:33:50 PDT"]
[Termination "Giraffe_Chess won by resignation"]

1. d4 f5 2. e4 fxe4 3. Nc3 Nf6 4. Bg5 Nc6 5. d5 Ne5 6. Qe2 Nf7 7. Nh3 d6 8. Bh4 Bg4 9. f3 Bxh3 10. gxh3 exf3 11.
Qxf3 Ne5 12. Qe3 g6 13. O-O-O Bg7 14. Rg1 O-O 15. Bg5 c6 16. Bh6 Qb6 17. Rd4 Bxh6 18. Qxh6 Qxd4 19. Rg2 Nxd5 20. Be2 Nxc3 21. bxc3 Qf4+ 0-1

[Event "*** SCC Grand Prix: Titled Tuesday Blitz"]
[Site "Chess.com"]
[Date "2020.06.02"]
[Round "8"]
[White "bugbug01052018"]
[Black "fischercapa"]
[Result "0-1"]
[WhiteElo "2208"]
[BlackElo "2356"]
[TimeControl "180+1"]
[EndTime "11:33:54 PDT"]
[Termination "fischercapa won by resignation"]

1. e4 c5 2. Nf3 d6 3. d4 cxd4 4. Nxd4 Nf6 5. Nc3 a6 6. a4 Nc6 7. Be3 e6 8. Be2 Be7 9. O-O O-O 10. f3 Bd7 11. Qd2 Rc8 12. Rfd1 Qc7 13. Nxc6 Bxc6 14. a5 Rfe8 15. Bb6 Qb8 16. b4 d5 17. exd5 exd5 18. Na4 Bd6 19. h3 Bxb4 20. Qxb4 Rxe2 21. c4 Qg3 0-1

[Event "*** SCC Grand Prix: Titled Tuesday Blitz"]
[Site "Chess.com"]
[Date "2020.06.02"]
[Round "8"]
[White "PotapovaM"]
[Black "Stewie_89"]
[Result "0-1"]
[WhiteElo "2450"]
[BlackElo "2620"]
[TimeControl "180+1"]
[EndTime "11:33:57 PDT"]
[Termination "Stewie_89 won by resignation"]

1. d4 d5 2. c4 dxc4 3. e4 Nf6 4.
e5 Nd5 5. Bxc4 Nb6 6. Bb3 Nc6 7.
Nf3 Bg4 8. Bxf7+ Kxf7 9. Ng5+ Ke8 10. Qxg4 Qxd4 11. Ne4 Qxe5 12. O-O e6 13. Nbc3 Qf5 14. Qg3 Rc8 15. Bg5 h6 16. Be3 Kf7 17. Rad1 Be7 18. b3 Nd5 19. Rd3 Nxc3 20. Bxh6 Ne2+ 0-1

[Event "*** SCC Grand Prix: Titled Tuesday Blitz"]
[Site "Chess.com"]
[Date "2020.06.02"]
[Round "8"]
[White "avantage_ru"]
[Black "Korchmar_Vasiliy"]
[Result "1-0"]
[WhiteElo "2729"]
[BlackElo "2599"]
[TimeControl "180+1"]
[EndTime "11:34:00 PDT"]
[Termination "avantage_ru won by resignation"]

1. Nc3 e5 2. Nf3 Nc6 3. d4 exd4 4. Nxd4 Bc5 5. Nf5 Qf6 6. e4 Nge7 7. Bd3 Ne5 8. O-O Nxf5 9. exf5 Nxd3 10. Qxd3 O-O 11. Nd5 Qd4 12. Qxd4 Bxd4 13. Nxc7 Rb8 14. Nd5 d6 15. c3 Bc5 16. Bf4 Rd8 17. b4 Bb6 18. a4 Bxf5 19. Ne7+ 1-0

[Event "*** SCC Grand Prix: Titled Tuesday Blitz"]
[Site "Chess.com"]
[Date "2020.06.02"]
[Round "8"]
[White "WonderChampion"]
[Black "HanSchut"]
[Result "1-0"]
[WhiteElo "1984"]
[BlackElo "2190"]
[TimeControl "180+1"]
[EndTime "11:34:01 PDT"]
[Termination "WonderChampion won by resignation"]

1. e4 c5 2. Nf3 d6 3. Bb5+ Nd7 4.
c4 Nf6 5. Nc3 a6 6. Bxd7+ Qxd7 7. d4 Qg4 8. O-O Nxe4 9. Nd5 Rb8 10. Nc7+ Kd8 11. Nd5 cxd4 12. Qxd4 Nc5 13. Qc3 Qd7 14.
Be3 e6 15. Bxc5 dxc5 16. Qa5+ b6 17. Nxb6 Qc7 18. Rad1+ Ke7 19. Nd5+ 1-0

[Event "*** SCC Grand Prix: Titled Tuesday Blitz"]
[Site "Chess.com"]
[Date "2020.06.02"]
[Round "8"]
[White "amiralfio"]
[Black "quesfr"]
[Result "1-0"]
[WhiteElo "2379"]
[BlackElo "2240"]
[TimeControl "180+1"]
[EndTime "11:34:04 PDT"]
[Termination "amiralfio won on time"]

1. d4 d5 2. Bf4 c5 3. e3 Nc6 4. Nc3 Bf5 5. Nf3 e6 6. Ne5 a6 7.
Nxc6 bxc6 8. Bd3 Bxd3 9. Qxd3 Bd6 10. Bxd6 Qxd6 11. O-O Nf6 12. dxc5 Qxc5 13. Na4 Qb4 14. b3 O-O 15. Rfd1 h6 16. Rac1 Rfd8 17. g3 Ne4 18. Kg2 a5 19. c4 Nd6 20. cxd5 cxd5 21. Rc7 Qe4+ 22. Qxe4 Nxe4 23. Rdc1 h5 24. h4 g6 25.
Kf3 Nf6 26. Ke2 Kg7 27. Nb6 Rab8 28. Na4 Ra8 29. R1c6 Ne4 30. Rb6 Kf6 31. Rbb7 Rf8 32. Nb6 Rad8 33. Nd7+ Rxd7 34. Rxd7 g5 35. hxg5+ Nxg5 36.
Rdc7 Kf5 37. Ra7 Kg4 38. Rxa5 1-0

[Event "*** SCC Grand Prix: Titled Tuesday Blitz"]
[Site "Chess.com"]
[Date "2020.06.02"]
[Round "8"]
[White "JozefKneht"]
[Black "alexsergeyev"]
[Result "0-1"]
[WhiteElo "2494"]
[BlackElo "2331"]
[TimeControl "180+1"]
[EndTime "11:34:09 PDT"]
[Termination "alexsergeyev won by resignation"]

1. e4 e5 2. Nf3 Nf6 3. Nxe5 d6 4. Nf3 Nxe4 5. Qe2 Qe7 6. d3 Nf6 7. Bg5 Nbd7 8. Nc3 h6 9. Bh4 g5 10. Bg3 Bg7 11. O-O-O Qxe2 12. Bxe2 Nh5 13. Nd5 Kd8 14. d4 Nb6 15. Ne3 f5 16. Ne1 Nf6 17. f4 Re8 18. Kd2 Ne4+ 19. Kd3 Be6 20. Rf1 c5 21. b3 cxd4 22. Nc4 Nxc4 23. bxc4 Rc8 0-1

[Event "*** SCC Grand Prix: Titled Tuesday Blitz"]
[Site "Chess.com"]
[Date "2020.06.02"]
[Round "8"]
[White "Radzio1987"]
[Black "Igrok3069"]
[Result "1-0"]
[WhiteElo "2908"]
[BlackElo "2759"]
[TimeControl "180+1"]
[EndTime "11:34:15 PDT"]
[Termination "Radzio1987 won by resignation"]

1. c4 c6 2. Nf3 d5 3. e3 Nf6 4. Qc2 e6 5. b3 Bd6 6. Bb2 O-O 7. d4 b6 8. Bd3 Bb7 9. O-O dxc4 10. Bxc4 c5 11.
dxc5 Bxc5 12. Rd1 Nbd7 13. Ng5 Bd5 14. Bxd5 exd5 15. Nc3 h6 16. Nxd5 hxg5 17. Nxf6+ gxf6 18. Qf5 1-0

[Event "*** SCC Grand Prix: Titled Tuesday Blitz"]
[Site "Chess.com"]
[Date "2020.06.02"]
[Round "8"]
[White "ChessicallyInclined"]
[Black "jorquerino"]
[Result "1-0"]
[WhiteElo "2522"]
[BlackElo "2342"]
[TimeControl "180+1"]
[EndTime "11:34:23 PDT"]
[Termination "ChessicallyInclined won by checkmate"]

1. d4 Nf6 2. c4 d6 3. Nc3 e5 4. d5 Be7 5. f3 Nfd7 6. g3 f5 7. e4 Nf6 8. Bd3 fxe4 9. Nxe4 Nxe4 10. Bxe4 O-O 11. Qc2 h6 12. h4 Nd7 13. Be3 Nf6 14. Bg6 e4 15. O-O-O exf3 16. Bf4 Bg4 17. Rf1 Nh5 18.
Bxh5 Bxh5 19. Nxf3 Bf6 20. Ng5 Bg4 21. Qh7# 1-0

[Event "*** SCC Grand Prix: Titled Tuesday Blitz"]
[Site "Chess.com"]
[Date "2020.06.02"]
[Round "8"]
[White "mbachez"]
[Black "FightingChess"]
[Result "1-0"]
[WhiteElo "2537"]
[BlackElo "2375"]
[TimeControl "180+1"]
[EndTime "11:34:25 PDT"]
[Termination "mbachez won by resignation"]

1. e4 e6 2. d4 d5 3. Bd3 dxe4 4. Bxe4 Nf6 5. Bf3 c5 6. Ne2 Nc6 7. Be3 cxd4 8. Nxd4 Ne5 9. Nc3 Bb4 10. Nb5 Nxf3+ 11. Qxf3 Bxc3+ 12. Nxc3 O-O 13. Rd1 Qe7 14. O-O e5 15.
Bg5 Be6 16. Ne4 Qb4 17. Bxf6 gxf6 18. c3 Qe7 19. Nxf6+ Kh8 20. Rfe1 Bxa2 21. Qf5 1-0

[Event "*** SCC Grand Prix: Titled Tuesday Blitz"]
[Site "Chess.com"]
[Date "2020.06.02"]
[Round "8"]
[White "queen_iryna"]
[Black "Efremov_Vlad"]
[Result "1-0"]
[WhiteElo "2260"]
[BlackElo "2165"]
[TimeControl "180+1"]
[EndTime "11:34:26 PDT"]
[Termination "queen_iryna won on time"]

1. d4 d5 2. Bf4 Nf6 3. e3 c5 4.
c3 e6 5. Nd2 Nc6 6. Bd3 Bd6 7.
Bxd6 Qxd6 8. f4 b6 9. Ngf3 Bb7 10. O-O O-O 11. Ne5 Ne7 12. Qf3 cxd4 13. exd4 Ng6 14.
Rae1 a6 15. Ng4 Nxg4 16. Qxg4 1-0

[Event "*** SCC Grand Prix: Titled Tuesday Blitz"]
[Site "Chess.com"]
[Date "2020.06.02"]
[Round "8"]
[White "canary2016"]
[Black "levallem"]
[Result "0-1"]
[WhiteElo "1965"]
[BlackElo "2199"]
[TimeControl "180+1"]
[EndTime "11:34:35 PDT"]
[Termination "levallem won by checkmate"]

1. Nf3 c5 2. c4 Nc6 3. Nc3 Nf6 4. g3 g6 5. Bg2 Bg7 6. O-O d6 7. d4 cxd4 8. Nxd4 Nxd4 9. Qxd4 O-O 10. Bf4 e5 11. Bxe5 dxe5 12. Qxe5 Re8 13. Qf4 Qb6 14. Qd2 Be6 15. b3 Rad8 16. Qc2 Bf5 17. e4 Bc8 18. Rac1 Rd4 19. Nd5 Qa5 20. Nxf6+ Bxf6 21. Rfd1 Red8 22. Rxd4 Rxd4 23. f4 Rd2 24. Qb1 Qxa2 25. Qxa2 Rxa2 26. e5 Be7 27. Rd1 Rb2 28. Rd3 Kg7 29. Bd5 Bf5 30. Rd1 Bc5+ 31. Kf1 Rxb3 32. Ra1 a6 33. Ra5 Bh3+ 34.
Ke2 Rb2+ 35. Kf3 Bg2+ 36. Kg4 h5+ 37. Kh4 Be7# 0-1

[Event "*** SCC Grand Prix: Titled Tuesday Blitz"]
[Site "Chess.com"]
[Date "2020.06.02"]
[Round "8"]
[White "j2806"]
[Black "damayito"]
[Result "1-0"]
[WhiteElo "2104"]
[BlackElo "1652"]
[TimeControl "180+1"]
[EndTime "11:34:36 PDT"]
[Termination "j2806 won on time"]

1. e4 e6 2. d4 d5 3. exd5 exd5 4. Bd3 Nf6 5. h3 Bd6 6. Nf3 O-O 7. O-O c6 8. c3 Be6 9. Nbd2 Nbd7 10. Re1 Qc7 11. Nf1 a6 12. Ne3 Bf4 13. Nf5 Bxc1 14. Rxc1 Rfe8 15.
Ng3 Nf8 16. Ne5 Ng6 17. Nxg6 hxg6 18. Qc2 Rad8 19. Re2 b5 20. Rce1 Qd6 21. a3 a5 22.
Qd2 Rc8 23. f4 c5 24. f5 Bd7 25. Rxe8+ Rxe8 26. Rxe8+ Bxe8 27. Qf2 gxf5 28. Nxf5 Qe6 29. dxc5 b4 30. Nd4 Qe5 31. axb4 axb4 32. cxb4 Ba4 33. c6 1-0

[Event "*** SCC Grand Prix: Titled Tuesday Blitz"]
[Site "Chess.com"]
[Date "2020.06.02"]
[Round "8"]
[White "SophieNikoladze"]
[Black "mfwagnerpeixoto"]
[Result "1-0"]
[WhiteElo "2176"]
[BlackElo "2243"]
[TimeControl "180+1"]
[EndTime "11:34:39 PDT"]
[Termination "SophieNikoladze won on time"]

1. d4 Nf6 2. Nf3 g6 3. g3 Bg7 4. Bg2 O-O 5. O-O d6 6. b3 Nc6 7. Bb2 e5 8. Nbd2 e4 9. Ng5 e3 10. Ndf3 exf2+ 11. Kh1 Ng4 12. Qd2 Bh6 13. h3 Nf6 14.
Qf4 Nh5 15. Qh4 f6 16. Ne4 f5 17. Neg5 f4 18. g4 Ng3+ 19. Kh2 Nxf1+ 20. Rxf1 Bxg5 21. Nxg5 Qe7 22. Bd5+ Kh8 23. Rxf2 Bd7 24. Be4 d5 25. Bxd5 h5 26. gxh5 Kg7 27. hxg6 1-0